 Dungeon Crawl Stone Soup version 0.28-a0-938-gbc3f381ebc (webtiles) character file.

Game seed: 11040347167866634998

137 Decritt the Skirmisher (level 5, -4/50 HPs)
             Began as a Minotaur Fighter on Nov 28, 2021.
             Slain by a wyvern zombie (10 damage)
             ... on level 3 of the Dungeon.
             The game lasted 00:04:09 (2715 turns).

Decritt the Skirmisher (Minotaur Fighter)           Turns: 2715, Time: 00:04:09

Health: -4/50      AC:  6    Str: 21    XL:     5   Next: 0%
Magic:  4/4        EV:  9    Int:  5    God:
Gold:   141        SH:  4    Dex: 10    Spells: 4/4 levels left

rFire   . . .      SeeInvis .   l - +0 spear
rCold   . . .      Faith    .   c - +0 buckler
rNeg    . . .      Spirit   .   b - +0 scale mail
rPois   .          Reflect  .   (helmet restricted)
rElec   .          Harm     .   (no cloak)
rCorr   .          Rampage  .   (no gloves)
Will    .....                   (no boots)
Stlth   ..........              (no amulet)
HPRegen 0.16/turn               (no ring)
MPRegen 0.09/turn               (no ring)

@: no status effects
A: horns 2, retaliatory headbutt
a: no special abilities


You were on level 3 of the Dungeon.
You visited 1 branch of the dungeon, and saw 3 of its levels.

You collected 141 gold pieces.

Inventory:

Hand Weapons
 a - a +0 war axe
 l - a +0 spear (weapon)
Armour
 b - a +0 scale mail (worn)
 c - a +0 buckler (worn)
Scrolls
 e - a scroll of silence {unknown}
 f - 5 scrolls of identify {unknown}
 i - a scroll of torment {unknown}
 k - a scroll of amnesia {unknown}
Potions
 d - 2 potions of might
 g - a potion of curing {unknown}
 h - a potion of invisibility {unknown}
 j - a potion of brilliance {unknown}


   Skills:
 * Level 6.0 Fighting
 - Level 3.4(3.7) Axes
 + Level 1.9(3.0) Polearms
 - Level 3.6 Armour
 - Level 3.6 Shields


You had 4 spell levels left.
You didn't know any spells.
Your spell library contained the following spells:

 Spells                   Type           Power      Damage    Failure   Level
 Dazzling Flash           Conj/Hex       0%         N/A       99%         3
 Agony                    Necr           0%         N/A       100%        5
 Silence                  Hex/Air        0%         N/A       100%        5


Dungeon Overview and Level Annotations

Branches:
Dungeon (3/15)

Altars:

Shops:
D:2 (


Innate Abilities, Weirdness & Mutations

You have a pair of horns on your head.
You reflexively headbutt those who attack you in melee.


Message History

You hit the wyvern zombie. You headbutt the wyvern zombie.
The wyvern zombie is lightly damaged.
The wyvern zombie bites you!
You hit the wyvern zombie but do no damage.
You headbutt the wyvern zombie.
The wyvern zombie is moderately damaged.
The wyvern zombie bites you but does no damage.
You barely miss the wyvern zombie.
You headbutt the wyvern zombie, but do no damage.
The wyvern zombie is moderately damaged.
The wyvern zombie bites you!
You hit the wyvern zombie.
The wyvern zombie is moderately damaged.
The wyvern zombie bites you!
* * * LOW HITPOINT WARNING * * *
The wyvern zombie completely misses you.
You furiously retaliate!
You headbutt the wyvern zombie.
You hit the wyvern zombie but do no damage.
The wyvern zombie is moderately damaged.
The wyvern zombie bites you!
* * * LOW HITPOINT WARNING * * *
Unknown command.
You hit the wyvern zombie.
The wyvern zombie is heavily damaged.
The wyvern zombie bites you!
* * * LOW HITPOINT WARNING * * *
You block the wyvern zombie's attack.
You are too injured to fight recklessly!
You hit the wyvern zombie but do no damage.
You headbutt the wyvern zombie!
The wyvern zombie is severely damaged.
The wyvern zombie barely misses you. You furiously retaliate!
You headbutt the wyvern zombie. You hit the wyvern zombie.
The wyvern zombie is almost destroyed.
The wyvern zombie bites you but does no damage.
You hit the wyvern zombie but do no damage.
The wyvern zombie is almost destroyed.
The wyvern zombie bites you!
You die...

....# ....# ....##
†....# .....#####.#
##+##### ......†....#
#......# # .....#######
#...$.!#(#.. ###'##
#........... #.#
#..@Z..# ###.#
##.#####.# ....#
#........
###############.#####.#
................#
.#######.######## .###
#.# ...#####.#
...#.....#


You could see a wyvern zombie.

Vanquished Creatures
  Terence (D:2)
  4 gnolls
  A dart slug (D:2)
  3 orcs
  4 ball pythons
  6 bats
  5 endoplasms
  2 giant cockroaches
  4 hobgoblins
  4 jackals
  2 quokkas
  10 frilled lizards
  13 goblins
  3 kobolds (D:1)
  5 rats
67 creatures vanquished.

Notes
Turn   | Place    | Note
-------+----------+-------------------------------------------
     0 | D:1      | Decritt the Minotaur Fighter began the quest for the Orb.
     0 | D:1      | Reached XP level 1. HP: 19/19 MP: 0/0
   141 | D:1      | Found a faded altar of an unknown god.
   148 | D:1      | Reached skill level 4 in Fighting
   234 | D:1      | Reached XP level 2. HP: 27/27 MP: 1/1
   779 | D:2      | Reached XP level 3. HP: 34/34 MP: 2/2
  1113 | D:2      | Found Naoh's Weapon Shop.
  1209 | D:2      | Noticed Terence
  1220 | D:2      | Killed Terence
  1221 | D:2      | Reached skill level 5 in Fighting
  1221 | D:2      | Reached skill level 1 in Polearms
  1221 | D:2      | Reached XP level 4. HP: 14/42 MP: 3/3
  2491 | D:3      | Reached skill level 6 in Fighting
  2668 | D:3      | Reached XP level 5. HP: 50/50 MP: 4/4
  2715 | D:3      | Slain by a wyvern zombie

Illustrated notes

Levels and vault maps discovered:
D:1:      amcnicky_arrival_underground_garden, layout_rooms,
          chequers_ecumenical_altar_simple,
          nicolae_concentric_dashed_squares_wild, minmay_misc_feat_five
D:2:      cheibrodos_greedy_goblins, layout_loops_cross, serial_shops,
          nicolae_shop_advertising_works [nicolae_subvault_shop_adworks],
          uniq_terence
D:3:      layout_basic, minmay_strange_pillars

Skill      XL: |  1  2  3  4 |
---------------+-------------+-----
Fighting       | 4 5 6 |  6.0
Axes           | 3 |  3.4
Polearms       | 1 |  1.9
Armour         | |  3.6
Shields        | |  3.6

Action                   |  1- 3 |  4- 6 || total
-------------------------+-------+-------++-------
Melee: War axe           |   100 |    23 ||   123
       Headbutt          |     9 |     7 ||    16
       Spear             |       |    32 ||    32
Armor: Scale mail        |    48 |    18 ||    66
Dodge: Dodged            |    40 |    22 ||    62
Block: Buckler           |    24 |    16 ||    40

Table legend: (Time is in decaauts)
 A = Elapsed time spent in this place.
 B = Non-inter-level travel time spent in this place.
 C = Inter-level travel time spent in this place.
 D = Time resting spent in this place.
 E = Time spent auto-exploring this place.
 F = Levels seen in this place.
 G = Mean time per level.
                   A        B        C        D        E       F      G
               +--------+--------+--------+--------+--------+-----+--------+
         Total |   2757 |   2704 |     53 |    881 |   1471 |   3 |  919.0 |
       Dungeon |   2757 |   2704 |     53 |    881 |   1471 |   3 |  919.0 |
               +--------+--------+--------+--------+--------+-----+--------+

Top non-repeatable levels by time:
     D:2: 1589 daAuts
     D:1: 707 daAuts
     D:3: 461 daAuts
